 Dungeon Crawl Stone Soup version 0.31-a0-162-gc4c5a43528 (webtiles) character file.

Game seed: 2827380243823346607

1034 qw the Skirmisher (level 8, 0/74 HPs)
             Began as a Naga Hunter on June 12, 2023.
             Slain by an orc
             ... wielding a +0 hand axe
              (2 damage)
             ... on level 7 of the Dungeon.
             The game lasted 00:01:47 (5353 turns).

qw the Skirmisher (Naga Hunter)                     Turns: 5353, Time: 00:01:48

Health: 0/74       AC:  7    Str: 15    XL:     8   Next: 24%
Magic:  8/8        EV: 10    Int: 15    God:
Gold:   411        SH:  0    Dex: 15    Spells: 7/7 levels left

rFire   . . .        Y - +2 shortbow
rCold   + . .        (shield currently unavailable)
rNeg    . . .        e - +0 steam dragon scales
rPois   +            (helmet restricted)
rElec   .            (no cloak)
rCorr   .            i - +1 pair of gloves {Str+3}
SInv    +            (no barding)
Will    ++...        k - amulet of faith
Stlth   ++           l - ring of willpower
HPRegen 0.32/turn    (no ring)
MPRegen 0.11/turn

%: faith
@: lethally poisoned (0 -> -4), short of breath, very slow
A: AC +2, large, see invisible, deformed body, poison resistance, slowness 2,
spit poison 1, naga tail 1, horns 1, clever 1, cold resistance 1
a: Spit Poison


You were on level 7 of the Dungeon.
You visited 1 branch of the dungeon, and saw 7 of its levels.

You collected 411 gold pieces.


Innate Abilities, Weirdness & Mutations

Your serpentine skin is tough. (AC +2)
You have supernaturally acute eyesight. (SInv)
Armour fits poorly on your strangely shaped body.
Your system is resistant to poisons. (rPois)
You cover ground very slowly.
You can spit poison.
You have a snake-like lower body.
You have a pair of small horns on your head.
Your mind is acute. (Int +4, Str/Dex -1)
Your flesh is cold resistant. (rC+)


   Skills:
 - Level 5.0 Fighting
 - Level 8.0 Ranged Weapons
 + Level 0.5 Armour
 - Level 2.2 Dodging
 - Level 1.5 Stealth


You had 7 spell levels left.
You didn't know any spells.
Your spell library was empty.

Inventory:

Hand Weapons
 Y - a +2 shortbow (weapon)
Armour
 a - the +0 barding of Hide-and-Seek {-Tele rPois Will+ Int+5}
   (You acquired it on level 3 of the Dungeon)

   Int:       It affects your intelligence (+5).
   rPois:     It protects you from poison.
   -Tele:     It prevents most forms of teleportation.
   Will:      It increases your willpower.
 e - +0 steam dragon scales (worn)
 i - a +1 pair of gloves of strength (worn)
Jewellery
 k - an amulet of faith (around neck)
 l - a ring of willpower (left hand)
Scrolls
 b - 4 scrolls of identify
Potions
 d - 7 potions of curing
 f - 2 potions of mutation

Dungeon Overview and Level Annotations

Branches:
Dungeon (7/15)
 Temple: D:4-7

Altars:
Dithmenos
Elyvilon
Ru

Shops:
D:4 :   D:5 =

Annotations:
D:4 3 runed translucent doors, qw's ghost, amateur NaHu
D:6 1 runed translucent door, qw's ghost, novice GrFi


Message History

The water moccasin bites you but does no damage.
The water moccasin bites you.
You are poisoned.
The water moccasin poisons you!
The orc wizard hits you with a +0 dagger.
The orc hits you but does no damage.
The orc wizard hits you but does no damage.
The orc hits you but does no damage.
You shoot an arrow.
The arrow closely misses the orc wizard.
You have got your breath back.
You feel very sick. The water moccasin closely misses you.
The orc hits you but does no damage. The orc hits you with a +0 hand axe.
The orc wizard hits you but does no damage.
The orc wizard casts a spell.
The orc wizard flickers and vanishes for a moment.
5351 ||| INVOKING Spit Poison.
Aiming: Spit Poison (1% risk of failure)
Press: ? - help, Shift-Dir - straight line, f/p - orc wizard The splash of poison hits the orc wizard.
The orc wizard looks even sicker.
The orc wizard is heavily wounded.
You feel sick. The water moccasin barely misses you.
The water moccasin bites you but does no damage.
The orc wizard hits you with a +0 dagger.
The orc hits you with a +0 falchion. The orc wizard closely misses you.
The orc hits you but does no damage.
You shoot an arrow. The arrow barely misses the orc wizard.
You feel sick. The water moccasin barely misses you.
The orc wizard hits you but does no damage.
The orc closely misses you. The orc wizard barely misses you.
The orc hits you with a +0 falchion.
You shoot an arrow. The arrow hits the orc wizard.
The orc wizard is almost dead.
You feel sick.
The water moccasin completely misses you.
The orc wizard hits you but does no damage.
The orc hits you with a +0 hand axe.
You die...

............
.................#......
.................#......
.......................#
........................
......................#.
........................
..........#.....oo......
........### .#.o@S..#
.##......# #.##..o......
####.....##.#...........
# #........###..........
##....#....##.##....##..
#.....###.....#...... .
..##.<. ##.........###
.# ##..###.......... ##
##..###........#


You could see a water moccasin, 2 orc wizards and 2 orcs.

Vanquished Creatures
  A steam dragon (D:6)
  A sky beast (D:5)
  An ogre (D:5)
  A phantom (D:4)
  A bullfrog (D:5)
  A scorpion (D:6)
  A howler monkey (D:6)
  A jelly (D:6)
  3 orc priests
  4 hounds
  3 iguanas
  6 adders
  A shadow imp (D:6)
  A white imp (D:6)
  An ufetubus (D:4)
  3 dart slugs
  A worm (D:3)
  13 orcs
  8 ball pythons
  8 endoplasms
  3 giant cockroaches
  4 goblins
  10 hobgoblins
  6 quokkas
  8 bats
  3 frilled lizards (D:2)
  8 kobolds
  8 rats
110 creatures vanquished.

Vanquished Creatures (others)
  A quokka (D:4)
1 creature vanquished.

Grand Total: 111 creatures vanquished

Notes
Turn   | Place    | Note
-------+----------+-------------------------------------------
     0 | D:1      | qw the Naga Hunter began the quest for the Orb.
     0 | D:1      | Reached XP level 1. HP: 19/19 MP: 1/1
     0 | D:1      | 0 ||| qw: Version: 0.2-a-29-gc1b59c4
     0 | D:1      | 0 ||| qw: Game counter: 4328
     0 | D:1      | 0 ||| qw: Always use a shield: true
     0 | D:1      | 0 ||| qw: God list: Okawaru
     0 | D:1      | 0 ||| qw: Allow faded altars: false
     0 | D:1      | 0 ||| qw: Do Orc after D:15 true
     0 | D:1      | 0 ||| qw: Do second Lair branch before Depths: true
     0 | D:1      | 0 ||| qw: Lair rune preference: random
     0 | D:1      | 0 ||| qw: Plans: Normal
     0 | D:1      | 0 ||| PLANNING D:1-11
    25 | D:1      | 25 ||| INVOKING Spit Poison.
    60 | D:1      | 60 ||| INVOKING Spit Poison.
    72 | D:1      | 72 ||| INVOKING Spit Poison.
    75 | D:1      | 75 ||| INVOKING Spit Poison.
    87 | D:1      | 87 ||| INVOKING Spit Poison.
    90 | D:1      | 90 ||| INVOKING Spit Poison.
   110 | D:1      | 110 ||| INVOKING Spit Poison.
   113 | D:1      | Reached skill level 4 in Ranged Weapons
   113 | D:1      | Reached XP level 2. HP: 26/26 MP: 2/2
   125 | D:1      | 125 ||| INVOKING Spit Poison.
   175 | D:1      | 175 ||| INVOKING Spit Poison.
   202 | D:1      | 202 ||| INVOKING Spit Poison.
   206 | D:1      | 206 ||| INVOKING Spit Poison.
   207 | D:1      | 207 ||| INVOKING Spit Poison.
   329 | D:1      | 329 ||| INVOKING Spit Poison.
   440 | D:1      | 440 ||| INVOKING Spit Poison.
   473 | D:1      | 473 ||| INVOKING Spit Poison.
   588 | D:1      | Found a faded altar of an unknown god.
   624 | D:1      | 624 ||| INVOKING Spit Poison.
   627 | D:1      | Reached XP level 3. HP: 32/32 MP: 3/3
   663 | D:1      | 663 ||| INVOKING Spit Poison.
   688 | D:1      | 688 ||| INVOKING Spit Poison.
   730 | D:1      | 730 ||| READING scroll labelled GUETWOCWAU.
   734 | D:1      | 734 ||| READING scroll labelled BOIMYN SAGURE.
   735 | D:1      | 735 ||| DRINKING 3 purple potions.
   736 | D:1      | 736 ||| DRINKING 2 ruby potions.
   736 | D:1      | Gained mutation: Your flesh is cold resistant. (rC+)
                  | [potion of mutation]
   736 | D:1      | Gained mutation: You have a pair of small horns on your
                  | head. [potion of mutation]
   736 | D:1      | Gained mutation: Your mind is acute. (Int +4, Str/Dex -1)
                  | [potion of mutation]
   737 | D:1      | 737 ||| DROPPING scroll of butterflies.
   774 | D:2      | 774 ||| INVOKING Spit Poison.
   793 | D:2      | 793 ||| INVOKING Spit Poison.
   799 | D:2      | 799 ||| INVOKING Spit Poison.
   804 | D:2      | 804 ||| INVOKING Spit Poison.
   809 | D:2      | 809 ||| INVOKING Spit Poison.
   815 | D:2      | 815 ||| INVOKING Spit Poison.
   819 | D:2      | Reached skill level 5 in Ranged Weapons
   821 | D:2      | 821 ||| INVOKING Spit Poison.
   822 | D:2      | 822 ||| INVOKING Spit Poison.
   823 | D:2      | Reached XP level 4. HP: 32/39 MP: 4/4
   825 | D:2      | 825 ||| INVOKING Spit Poison.
   877 | D:2      | You fall into a shaft and drop 1 floor!
   900 | D:3      | 900 ||| INVOKING Spit Poison.
   978 | D:3      | 978 ||| INVOKING Spit Poison.
   979 | D:3      | 979 ||| UPGRADING to +1 pair of gloves of strength.
   984 | D:3      | 984 ||| DROPPING ring of wizardry.
   985 | D:3      | 985 ||| READING scroll labelled YFAOSO DAXZUI.
  1086 | D:3      | 1086 ||| READING scroll labelled FYSTIOKKEI.
  1092 | D:2      | 1092 ||| INVOKING Spit Poison.
  1117 | D:2      | 1117 ||| INVOKING Spit Poison.
  1137 | D:2      | 1137 ||| INVOKING Spit Poison.
  1156 | D:2      | 1156 ||| INVOKING Spit Poison.
  1241 | D:2      | 1241 ||| INVOKING Spit Poison.
  1267 | D:2      | 1267 ||| INVOKING Spit Poison.
  1403 | D:2      | 1403 ||| INVOKING Spit Poison.
  1408 | D:2      | 1408 ||| INVOKING Spit Poison.
  1490 | D:2      | 1490 ||| UPGRADING to amulet of faith.
  1495 | D:2      | 1495 ||| UPGRADING to ring of willpower.
  1496 | D:2      | 1496 ||| READING scroll labelled VOEHAZOFOU.
  1497 | D:2      | 1497 ||| READING scroll labelled KAMICEYDYD.
  1498 | D:2      | 1498 ||| READING scroll labelled ATEUBUA JULATY.
  1499 | D:2      | 1499 ||| READING scroll labelled PEDYUF UCUEMP.
  1500 | D:2      | 1500 ||| READING scroll labelled ZIHA JOHYEME.
  1501 | D:2      | 1501 ||| READING 4 scrolls of identify.
  1501 | D:2      | 1501 ||| IDENTIFYING viscous green potion
  1502 | D:2      | 1502 ||| READING 3 scrolls of identify.
  1502 | D:2      | 1502 ||| IDENTIFYING sapphire potion
  1503 | D:2      | 1503 ||| DROPPING potion of berserk rage.
  1504 | D:2      | 1504 ||| DROPPING potion of invisibility.
  1530 | D:3      | 1530 ||| INVOKING Spit Poison.
  1533 | D:3      | 1533 ||| STAIRDANCE
  1535 | D:2      | 1535 ||| INVOKING Spit Poison.
  1540 | D:2      | Reached skill level 3 in Fighting
  1541 | D:2      | 1541 ||| INVOKING Spit Poison.
  1546 | D:2      | 1546 ||| INVOKING Spit Poison.
  1546 | D:2      | HP: 9/42 [orc/+0 whip (3)]
  1547 | D:2      | Reached XP level 5. HP: 10/49 MP: 5/5
  1547 | D:2      | 1547 ||| READING scroll of teleportation.
  1724 | D:3      | 1724 ||| INVOKING Spit Poison.
  1746 | D:3      | 1746 ||| INVOKING Spit Poison.
  1769 | D:3      | 1769 ||| INVOKING Spit Poison.
  1829 | D:3      | 1829 ||| INVOKING Spit Poison.
  1843 | D:3      | 1843 ||| INVOKING Spit Poison.
  1853 | D:3      | 1853 ||| INVOKING Spit Poison.
  2366 | D:3      | 2366 ||| INVOKING Spit Poison.
  2439 | D:3      | 2439 ||| INVOKING Spit Poison.
  2522 | D:3      | 2522 ||| INVOKING Spit Poison.
  2662 | D:3      | 2662 ||| READING scroll labelled FICOFRE HOVVOI.
  2744 | D:3      | 2744 ||| READING scroll labelled HENAUX WALACUREYCU.
  2744 | D:3      | Identified a scroll of acquirement
  2744 | D:3      | 2744 ||| ACQUIRING +0 barding of Hide-and-Seek {-Tele rPois
                  | Will+ Int+5}
  2744 | D:3      | Acquired the +0 barding of Hide-and-Seek {-Tele rPois Will+
                  | Int+5}
  2746 | D:3      | 2746 ||| READING 3 scrolls of identify.
  2746 | D:3      | 2746 ||| IDENTIFYING metallic blue potion
  2747 | D:3      | 2747 ||| DROPPING potion of magic.
  2861 | D:4      | 2861 ||| INVOKING Spit Poison.
  2865 | D:4      | 2865 ||| INVOKING Spit Poison.
  2902 | D:4      | 2902 ||| INVOKING Spit Poison.
  2905 | D:4      | Found a white marble altar of Elyvilon.
  2912 | D:4      | 2912 ||| INVOKING Spit Poison.
  2961 | D:4      | 2961 ||| INVOKING Spit Poison.
  2964 | D:4      | Noticed a phantom
  2975 | D:4      | Killed a phantom
  2976 | D:4      | Reached skill level 6 in Ranged Weapons
  2976 | D:4      | Reached XP level 6. HP: 42/56 MP: 6/6
  3028 | D:4      | 3028 ||| INVOKING Spit Poison.
  3036 | D:4      | 3036 ||| INVOKING Spit Poison.
  3040 | D:4      | 3040 ||| INVOKING Spit Poison.
  3081 | D:4      | Found a sacrificial altar of Ru.
  3082 | D:4      | 3082 ||| INVOKING Spit Poison.
  3088 | D:4      | 3088 ||| INVOKING Spit Poison.
  3107 | D:4      | 3107 ||| INVOKING Spit Poison.
  3121 | D:4      | Found Qucig's Book Emporium.
  3156 | D:4      | Found a runed translucent gate.
  3156 | D:4      | Found a runed translucent gate.
  3156 | D:4      | Found a runed translucent gate.
  3161 | D:4      | Noticed qw's ghost (amateur NaHu)
  3179 | D:4      | 3179 ||| INVOKING Spit Poison.
  3182 | D:4      | 3182 ||| INVOKING Spit Poison.
  3333 | D:4      | 3333 ||| INVOKING Spit Poison.
  3339 | D:4      | 3339 ||| INVOKING Spit Poison.
  3559 | D:4      | 3559 ||| DROPPING amulet of magic regeneration.
  3560 | D:4      | 3560 ||| DROPPING +6 ring of intelligence.
  3561 | D:4      | 3561 ||| READING 3 scrolls of identify.
  3561 | D:4      | 3561 ||| IDENTIFYING fuming sapphire potion
  3562 | D:4      | 3562 ||| DROPPING potion of enlightenment.
  3569 | D:5      | Entered Level 5 of the Dungeon
  3572 | D:5      | 3572 ||| INVOKING Spit Poison.
  3575 | D:5      | 3575 ||| INVOKING Spit Poison.
  3582 | D:5      | 3582 ||| INVOKING Spit Poison.
  3586 | D:5      | 3586 ||| INVOKING Spit Poison.
  3666 | D:5      | Noticed a sky beast
  3667 | D:5      | 3667 ||| INVOKING Spit Poison.
  3673 | D:5      | 3673 ||| INVOKING Spit Poison.
  3674 | D:5      | Killed a sky beast
  3675 | D:5      | Reached XP level 7. HP: 33/64 MP: 7/7
  3795 | D:5      | 3795 ||| INVOKING Spit Poison.
  3803 | D:5      | Identified the +11 dagger of the Sun {freeze, rPois rC+
                  | Stlth+}
  3911 | D:5      | 3911 ||| INVOKING Spit Poison.
  3967 | D:5      | Found Ozewkien's Jewellery Shoppe.
  3972 | D:5      | 3972 ||| SHOPLISTING amulet of regeneration (300 gold, have
                  | 260).
  3972 | D:5      | 3972 ||| SHOPLISTING amulet of the acrobat (300 gold, have
                  | 260).
  4049 | D:5      | Found a shadowy altar of Dithmenos.
  4126 | D:5      | 4126 ||| INVOKING Spit Poison.
  4241 | D:5      | 4241 ||| INVOKING Spit Poison.
  4273 | D:5      | 4273 ||| DRINKING 2 clear potions.
  4274 | D:5      | 4274 ||| READING 4 scrolls of identify.
  4274 | D:5      | 4274 ||| IDENTIFYING blue potion
  4275 | D:5      | 4275 ||| DROPPING potion of attraction.
  4308 | D:5      | 4308 ||| INVOKING Spit Poison.
  4314 | D:5      | 4314 ||| INVOKING Spit Poison.
  4316 | D:5      | Reached skill level 7 in Ranged Weapons
  4322 | D:5      | 4322 ||| INVOKING Spit Poison.
  4335 | D:6      | 4335 ||| INVOKING Spit Poison.
  4340 | D:6      | 4340 ||| STAIRDANCE
  4342 | D:5      | 4342 ||| INVOKING Spit Poison.
  4349 | D:5      | 4349 ||| INVOKING Spit Poison.
  4354 | D:5      | 4354 ||| INVOKING Spit Poison.
  4515 | D:6      | 4515 ||| INVOKING Spit Poison.
  4561 | D:6      | Noticed a steam dragon
  4562 | D:6      | 4562 ||| INVOKING Spit Poison.
  4564 | D:6      | 4564 ||| Stepping ~*~*~tactically~*~*~ (cloud).
  4565 | D:6      | 4565 ||| Stepping ~*~*~tactically~*~*~ (cloud).
  4566 | D:6      | 4566 ||| INVOKING Spit Poison.
  4569 | D:6      | HP: 14/64 [steam dragon] (10)]
  4570 | D:6      | 4570 ||| DRINKING 3 potions of heal wounds.
  4573 | D:6      | 4573 ||| INVOKING Spit Poison.
  4574 | D:6      | HP: 11/64 [steam dragon] (10)]
  4575 | D:6      | 4575 ||| DRINKING 2 potions of heal wounds.
  4579 | D:6      | 4579 ||| DRINKING potion of heal wounds.
  4580 | D:6      | 4580 ||| INVOKING Spit Poison.
  4580 | D:6      | Killed a steam dragon
  4581 | D:6      | Reached XP level 8. HP: 36/72 MP: 8/8
  4581 | D:6      | 4581 ||| Stepping ~*~*~tactically~*~*~ (cloud).
  4589 | D:6      | 4589 ||| INVOKING Spit Poison.
  4592 | D:6      | 4592 ||| INVOKING Spit Poison.
  4594 | D:6      | Reached skill level 8 in Ranged Weapons
  4843 | D:6      | Found a runed translucent door.
  4843 | D:6      | Noticed qw's ghost (novice GrFi)
  5075 | D:6      | 5075 ||| INVOKING Spit Poison.
  5084 | D:6      | 5084 ||| INVOKING Spit Poison.
  5089 | D:6      | 5089 ||| INVOKING Spit Poison.
  5093 | D:6      | 5093 ||| INVOKING Spit Poison.
  5225 | D:6      | 5225 ||| UPGRADING to +0 steam dragon scales.
  5235 | D:6      | 5235 ||| DROPPING +0 leather armour.
  5236 | D:6      | 5236 ||| READING 2 scrolls labelled PEAL PIUWOF.
  5237 | D:6      | 5237 ||| READING scroll of enchant weapon.
  5237 | D:6      | 5237 ||| ENCHANTING +1 shortbow.
  5248 | D:7      | 5248 ||| PLANNING OSSUARY
  5341 | D:7      | 5341 ||| INVOKING Spit Poison.
  5344 | D:7      | 5344 ||| INVOKING Spit Poison.
  5348 | D:7      | 5348 ||| INVOKING Spit Poison.
  5350 | D:7      | HP: 17/74 [poisoned by a water moccasin]
  5351 | D:7      | 5351 ||| INVOKING Spit Poison.
  5351 | D:7      | HP: 7/74 [orc/+0 falchion (5)]
  5352 | D:7      | HP: 2/74 [orc/+0 falchion (3)]
  5353 | D:7      | Slain by an orc

Levels and vault maps discovered:
D:1:      lightli_arrival_windingriver, layout_basic,
          shapermc_ecumenical_altar_mp_urbaneastern,
          corexii_item_surrounded_by_moat
D:2:      layout_rooms, minmay_pentomino_w4
D:3:      layout_basic, interstate_on_off
D:4:      layout_loops_ring, elyvilon_altar_4,
          nicolae_ru_great_annihilating_truth, serial_shops,
          nicolae_shop_peninsula, gammafunk_ghost_necromancy,
          reono_crystal_passage
D:5:      layout_loops_ring, mainiacjoe_overflow_tiny_flanked, serial_shops,
          kennysheep_little_box, kennysheep_boxes
D:6:      layout_loops_cross, gammafunk_ghost_grave,
          hangedman_decor_diamond_cutter
D:7:      layout_layer_cave, zin_statuary, minmay_temple_entry_proselytizer,
          nicolae_ossuary_entry_giza

Skill      XL: |  1  2  3  4  5  6  7  8 |
---------------+-------------------------+-----
Ranged Weapons | 4 5 6 7 8 |  8.0
Fighting       | 3 4 5 |  5.0
Dodging        | 2 |  2.2
Armour         | |  0.5
Stealth        | |  1.5

Action                     |  1- 3 |  4- 6 |  7- 9 || total
---------------------------+-------+-------+-------++-------
   Fire: Shortbow          |    55 |   124 |   102 ||   281
Ability: Spit Poison       |    24 |    45 |    26 ||    95
    Use: Scroll            |     2 |    14 |     3 ||    19
         Potion            |     2 |       |     4 ||     6
 Armour: Leather armour    |     2 |    26 |    28 ||    56
         Steam dragon scal |       |       |    16 ||    16
  Dodge: Dodged            |    21 |    35 |    48 ||   104

Table legend:
 A = Non-vault XP
 B = Vault XP
 C = Vault XP percentage of total XP
 D = Non-vault monster count
 E = Vault monster count
 F = Vault count percentage of total count
                 A         B        C        D         E       F
            +---------+---------+-------+---------+---------+-------
      Total |    1436 |      42 |   2.8 |      98 |      12 |  10.9
            +---------+---------+-------+---------+---------+-------
        D:1 |      39 |       0 |   0.0 |      24 |       0 |   0.0
        D:2 |     127 |      35 |  21.6 |      20 |       8 |  28.6
        D:3 |      31 |       0 |   0.0 |      14 |       0 |   0.0
        D:4 |     253 |       7 |   2.7 |      19 |       4 |  17.4
        D:5 |     525 |       0 |   0.0 |      11 |       0 |   0.0
        D:6 |     424 |       0 |   0.0 |       9 |       0 |   0.0
        D:7 |      37 |       0 |   0.0 |       1 |       0 |   0.0
            +---------+---------+-------+---------+---------+-------
